[Event "Ste-Foy 2 2023-24"]
[Site "Ste-Foy CAN"]
[Date "2023.10.30"]
[Round "2"]
[White "Roy, Justin"]
[Black "Vaillant, Charles-Etienne"]
[Result "0-1"]
[ECO "B47"]
[WhiteElo "1562"]
[BlackElo "1768"]
[PlyCount "122"]
[EventDate "2023.10.23"]
[EventType "tourn"]
[EventRounds "5"]
[EventCountry "CAN"]
[TimeControl "5400+30"]

1. e4 c5 2. Nf3 e6 3. Nc3 Nc6 4. d4 cxd4 5. Nxd4 Qc7 6. Ndb5 Qb8 7. g3 a6 8.
Nd4 Qc7 9. Bf4 e5 10. Nxc6 dxc6 11. Be3 Nf6 12. Bg2 Bg4 13. Bf3 Rd8 14. Bd2 Bh3
15. a3 Bc5 16. Qe2 O-O 17. O-O-O b5 18. g4 Qe7 19. Nb1 b4 20. Bxb4 Bxb4 21.
axb4 Qxb4 22. Rhg1 Rxd1+ 23. Rxd1 Rb8 24. c3 Qb5 25. Qxb5 axb5 26. Rg1 b4 27.
Kc2 Kf8 28. Nd2 h5 29. gxh5 Be6 30. c4 Rd8 31. b3 Nd7 32. Bg4 Nc5 33. Bxe6 Nxe6
34. Nf3 f6 35. h6 gxh6 36. Rg6 Kf7 37. Rxh6 Nf4 38. Ne1 Kg7 39. Rh4 Rg8 40. Kb2
Rd8 41. Rg4+ Kh6 42. Rg3 Rd2+ 43. Kb1 Rxf2 44. h3 Re2 45. Nc2 c5 46. Ne3 Nh5
47. Nf5+ Kh7 48. Re3 Rxe3 49. Nxe3 Ng3 50. Ng4 Nxe4 51. Kc2 Kg6 52. Kd3 Ng5 53.
Nf2 f5 54. Ke3 Ne6 55. Nd3 e4 56. Nf2 Kg5 57. Nxe4+ fxe4 58. Kxe4 Nd4 59. Kd3
Nxb3 60. Kc2 Nd4+ 61. Kb2 Kh4 0-1

[Event "Ste-Foy 2 2023-24"]
[Site "Ste-Foy CAN"]
[Date "2023.11.13"]
[Round "4"]
[White "Berube, Antoine"]
[Black "Drolet, Stephane"]
[Result "1-0"]
[ECO "E17"]
[WhiteElo "2236"]
[BlackElo "2048"]
[PlyCount "129"]
[EventDate "2023.10.23"]
[EventType "tourn"]
[EventRounds "5"]
[EventCountry "CAN"]
[TimeControl "5400+30"]

1. c4 e6 2. g3 d5 3. Bg2 Nf6 4. Nf3 Nbd7 5. b3 c5 6. O-O b6 7. cxd5 exd5 8. d4
Be7 9. Nc3 Bb7 10. Bb2 O-O 11. e3 Re8 12. Qe2 Bf8 13. Rfd1 h6 14. Rac1 Qe7 15.
Na4 Qe6 16. Ba3 Bc6 17. Nc3 g6 18. dxc5 bxc5 19. Qa6 Nb6 20. Qa5 Nfd7 21. Ne2
Qf6 22. Ne1 Rec8 23. Nd3 c4 24. Nb4 Bxb4 25. Bxb4 Ne5 26. Bc3 Qe7 27. Nf4 d4
28. exd4 Bxg2 29. Qxe5 Qxe5 30. dxe5 Bf3 31. Re1 cxb3 32. axb3 Nd5 33. Bd2 Nxf4
34. Bxf4 Bd5 35. b4 Be6 36. Bxh6 Rxc1 37. Rxc1 a5 38. b5 Rb8 39. Rb1 a4 40. Be3
a3 41. b6 a2 42. Ra1 Rd8 43. Kg2 Bd5+ 44. Kh3 Rd7 45. g4 Be6 46. Kg3 Kf8 47.
Bc5+ Ke8 48. Bd6 Kd8 49. Kf4 Kc8 50. h4 Kb7 51. h5 gxh5 52. gxh5 Rd8 53. Be7
Rh8 54. Kg5 Kxb6 55. f4 Rg8+ 56. Kf6 Rh8 57. f5 Bd5 58. Kg5 Rg8+ 59. Kh4 Rh8
60. Bf6 Rh7 61. Kg5 Kc6 62. h6 Bb3 63. Bg7 Kd7 64. Kf6 Bc4 65. e6+ 1-0

[Event "Ste-Foy 2 2023-24"]
[Site "Ste-Foy CAN"]
[Date "2023.11.13"]
[Round "4"]
[White "Blais, Pierre-Luc"]
[Black "Couture, Francois"]
[Result "1-0"]
[ECO "A61"]
[WhiteElo "1285"]
[BlackElo "1259"]
[PlyCount "89"]
[EventDate "2023.10.23"]
[EventType "tourn"]
[EventRounds "5"]
[EventCountry "CAN"]
[TimeControl "5400+30"]

1. d4 Nf6 2. c4 e6 3. Nf3 c5 4. d5 exd5 5. cxd5 d6 6. Nc3 g6 7. h3 Bg7 8. Bf4
O-O 9. e4 Nfd7 10. Qc2 Qf6 11. Bg5 Qxf3 12. gxf3 Ne5 13. Be2 a6 14. Be7 Re8 15.
Bxd6 b6 16. Qb3 Ned7 17. Na4 Ra7 18. Bxb8 Nxb8 19. Nxc5 b5 20. Rd1 Rc7 21. Nd3
Nd7 22. h4 Nf6 23. Rc1 Rd7 24. Nb4 Nh5 25. Rc6 Bb7 26. Rb6 Bd4 27. Rxa6 Bxa6
28. Nxa6 Rb7 29. Nb4 Rc8 30. Nc6 Bc5 31. Bxb5 Nf6 32. Qc4 Ra8 33. a4 Bf8 34.
O-O Nd7 35. f4 Re8 36. a5 Kh8 37. a6 Rc7 38. a7 Bc5 39. Ra1 Ra8 40. d6 Bxd6 41.
Qxf7 Bf8 42. Nd8 Bg7 43. Bxd7 h5 44. Ne6 Bxb2 45. Nxc7 1-0

[Event "Ste-Foy 2 2023-24"]
[Site "Ste-Foy CAN"]
[Date "2023.11.13"]
[Round "4"]
[White "Dionne, Frederick"]
[Black "Bourassa, Louis"]
[Result "1/2-1/2"]
[ECO "B10"]
[WhiteElo "1298"]
[BlackElo "1313"]
[PlyCount "122"]
[EventDate "2023.10.23"]
[EventType "tourn"]
[EventRounds "5"]
[EventCountry "CAN"]
[TimeControl "5400+30"]

1. e4 c6 2. c3 d5 3. exd5 cxd5 4. Bb5+ Bd7 5. Qb3 Nf6 6. Nf3 Qb6 7. Nd4 a6 8.
Bxd7+ Nbxd7 9. O-O e6 10. Qxb6 Nxb6 11. b4 Bd6 12. d3 O-O 13. h3 Rfc8 14. a4 e5
15. Nf5 Bf8 16. Bg5 Nbd7 17. Re1 e4 18. d4 h6 19. Bh4 g6 20. Ne3 Bd6 21. a5 g5
22. Nf5 Bf8 23. Bg3 Rc6 24. Be5 Nxe5 25. dxe5 Nd7 26. Rd1 Nxe5 27. Rxd5 Re8 28.
Rd4 Rc4 29. Nd2 Rxd4 30. Nxd4 Nd3 31. Nf5 Bg7 32. Nxg7 Kxg7 33. Rd1 f5 34. Nb3
Rc8 35. Nc5 Nxc5 36. bxc5 Rxc5 37. Rd7+ Kg6 38. Rxb7 Rc6 39. Rb6 Rf6 40. c4 Kf7
41. c5 Ke7 42. c6 Rf8 43. Rb7+ Kd6 44. c7 Kd7 45. Rb8 Rc8 46. Rb6 Rxc7 47. Rxh6
Rc6 48. Rh7+ Ke6 49. Rh6+ Kd5 50. Rh5 Rg6 51. Rh8 Kc5 52. Re8 Kb5 53. Re5+ Kc4
54. Rxf5 Kd4 55. Kf1 Kd3 56. Rd5+ Kc4 57. Rf5 Kd3 58. Rd5+ Kc4 59. Re5 Kd3 60.
Rd5+ Kc4 61. Rf5 Kd3 1/2-1/2

[Event "Ste-Foy 2 2023-24"]
[Site "Ste-Foy CAN"]
[Date "2023.11.13"]
[Round "4"]
[White "Gauthier, Vincent"]
[Black "Bergeron, Cedric"]
[Result "1-0"]
[ECO "C50"]
[WhiteElo "1118"]
[BlackElo "1093"]
[PlyCount "97"]
[EventDate "2023.10.23"]
[EventType "tourn"]
[EventRounds "5"]
[EventCountry "CAN"]
[TimeControl "5400+30"]

1. e4 e5 2. Nf3 Nc6 3. Bc4 Bc5 4. Nc3 Nf6 5. d3 h6 6. Be3 Nd4 7. Na4 Nxf3+ 8.
Qxf3 Bxe3 9. fxe3 d6 10. h3 b6 11. Nc3 Bb7 12. Nd5 Nxd5 13. exd5 O-O 14. O-O f5
15. Qh5 f4 16. exf4 exf4 17. Rf2 Qg5 18. Qxg5 hxg5 19. Re1 Rf7 20. Rfe2 Kh7 21.
Re7 Rxe7 22. Rxe7 Rc8 23. Kf2 b5 24. Bb3 Kg6 25. Kf3 Kf6 26. Re2 c6 27. Re6+
Kf5 28. Rxd6 cxd5 29. d4 Re8 30. c3 Re3+ 31. Kf2 g4 32. Bc2+ Kg5 33. Rg6+ Kh5
34. Rxg4 g5 35. g3 Bc8 36. gxf4 Rxh3 37. Rxg5+ Kh4 38. Bf5 Rh2+ 39. Kf3 Bxf5
40. Rxf5 Rxb2 41. Rxd5 Rxa2 42. Rxb5 Ra3 43. Rc5 a5 44. d5 Rb3 45. d6 a4 46. d7
Rb8 47. Rc8 Rxc8 48. dxc8=Q a3 49. Qh8# 1-0

[Event "Ste-Foy 2 2023-24"]
[Site "Ste-Foy CAN"]
[Date "2023.11.13"]
[Round "4"]
[White "Laurendeau, Alfred"]
[Black "Fleury, Dominic"]
[Result "1-0"]
[ECO "D55"]
[WhiteElo "1530"]
[BlackElo "1675"]
[PlyCount "61"]
[EventDate "2023.10.23"]
[EventType "tourn"]
[EventRounds "5"]
[EventCountry "CAN"]
[TimeControl "5400+30"]

1. d4 d5 2. c4 e6 3. Nc3 Nf6 4. Bg5 Be7 5. cxd5 Nxd5 6. Bxe7 Qxe7 7. Nf3 b6 8.
e3 Bb7 9. Rc1 O-O 10. Be2 Nd7 11. O-O c5 12. a3 e5 13. Nxd5 Bxd5 14. dxe5 Bc6
15. Qd6 Qe6 16. Qxe6 fxe6 17. Bc4 Kf7 18. Ng5+ Kg6 19. Nxe6 Nxe5 20. Nxf8+ Rxf8
21. Be2 h5 22. Rcd1 Bb7 23. f4 Ng4 24. Bxg4 hxg4 25. Rd6+ Kf5 26. Rd7 Ba6 27.
Rfd1 Re8 28. Kf2 Re4 29. R1d5+ Kg6 30. Rg5+ Kf6 31. Rgxg7 1-0

[Event "Ste-Foy 2 2023-24"]
[Site "Ste-Foy CAN"]
[Date "2023.11.13"]
[Round "4"]
[White "Marois, Remi"]
[Black "Warren, Alexandre"]
[Result "1-0"]
[ECO "B15"]
[WhiteElo "1518"]
[BlackElo "1482"]
[PlyCount "77"]
[EventDate "2023.10.23"]
[EventType "tourn"]
[EventRounds "5"]
[EventCountry "CAN"]
[TimeControl "5400+30"]

1. e4 c6 2. Nc3 d5 3. Nf3 dxe4 4. Nxe4 Nf6 5. Nxf6+ exf6 6. d4 Bd6 7. Bc4 O-O
8. O-O Re8 9. Qd3 Bg4 10. Qb3 Qc7 11. h3 Bh5 12. Nh4 Bg6 13. Nxg6 hxg6 14. Bd2
b5 15. Bd3 Kh7 16. a4 bxa4 17. Qxa4 Nd7 18. Rfe1 Rxe1+ 19. Rxe1 c5 20. Ba5 Bh2+
21. Kf1 Qd6 22. d5 Be5 23. Qc6 Rb8 24. Qxd6 Bxd6 25. b3 Ne5 26. Re3 Nxd3 27.
Rxd3 Rb5 28. Bd2 c4 29. bxc4 Rc5 30. Bb4 Rxc4 31. Bxd6 Rxc2 32. Be7 Rc7 33. d6
Rd7 34. Rc3 g5 35. Rc7 Rxd6 36. Bxd6 Kg6 37. Rxa7 f5 38. Be7 Kh6 39. Bxg5+ 1-0

[Event "Ste-Foy 2 2023-24"]
[Site "Ste-Foy CAN"]
[Date "2023.11.13"]
[Round "4"]
[White "Naderi, Pooya"]
[Black "Verge, Leo"]
[Result "0-1"]
[ECO "D06"]
[WhiteElo "1416"]
[BlackElo "1417"]
[PlyCount "120"]
[EventDate "2023.10.23"]
[EventType "tourn"]
[EventRounds "5"]
[EventCountry "CAN"]
[TimeControl "5400+30"]

1. d4 Nf6 2. e3 d5 3. Nf3 Bf5 4. c4 e6 5. Nc3 Be7 6. h3 c6 7. g4 Bg6 8. cxd5
exd5 9. Ne5 Ne4 10. Nxg6 Nxc3 11. bxc3 hxg6 12. Bd2 Nd7 13. c4 Nf6 14. Bd3 dxc4
15. Bxc4 Ne4 16. Bxf7+ Kxf7 17. Qf3+ Nf6 18. g5 Qd5 19. Ke2 Qxf3+ 20. Kxf3 Nd7
21. h4 Rhf8 22. Ke2 Ke6 23. f4 Nb6 24. Rab1 Rab8 25. Bb4 Bxb4 26. Rxb4 Nd5 27.
Rc4 Rbe8 28. Kf3 Kd7 29. Re1 Rf7 30. Ra4 a6 31. Kf2 Rfe7 32. Ra3 Nxf4 33. Kf3
Rf8 34. Kg4 Nd5 35. Kg3 Re4 36. Rb1 Kc7 37. Rab3 b5 38. a4 Rxe3+ 39. Rxe3 Nxe3
40. axb5 axb5 41. Rb4 Nd5 42. Rb3 Rf4 43. Ra3 Kb7 44. Rd3 b4 45. Kh3 Kb6 46.
Rd1 Kb5 47. Re1 Rf7 48. Kg4 b3 49. h5 Rf4+ 50. Kg3 gxh5 51. g6 Rxd4 52. Rb1 Kb4
53. Rxb3+ Kxb3 54. Kf2 c5 55. Ke2 h4 56. Kf2 c4 57. Kg2 c3 58. Kh3 c2 59. Kh2
c1=Q 60. Kh3 Qc3+ 0-1

[Event "Ste-Foy 2 2023-24"]
[Site "Ste-Foy CAN"]
[Date "2023.11.13"]
[Round "4"]
[White "Potvin, Sarah-Julie"]
[Black "Barrera, Eduardo"]
[Result "0-1"]
[ECO "D00"]
[WhiteElo "1021"]
[BlackElo "1133"]
[PlyCount "64"]
[EventDate "2023.10.23"]
[EventType "tourn"]
[EventRounds "5"]
[EventCountry "CAN"]
[TimeControl "5400+30"]

1. d4 Nf6 2. e3 d5 3. Bd3 Bg4 4. f3 Bd7 5. Bd2 c5 6. Ne2 c4 7. Bxc4 dxc4 8. c3
e6 9. O-O Be7 10. e4 O-O 11. Be3 Nc6 12. Qd2 a6 13. a3 b5 14. b4 cxb3 15. Qb2
Na5 16. Nd2 Nc4 17. Qc1 Nxe3 18. Re1 Nc4 19. Nf1 b2 20. Qc2 bxa1=Q 21. Rxa1
Nxa3 22. Nf4 Nxc2 23. Rc1 Na3 24. d5 exd5 25. exd5 Bf5 26. h3 Nxd5 27. g3 Nxf4
28. gxf4 Bxh3 29. Ne3 Qd2 30. Rf1 Qxe3+ 31. Kh2 Bxf1 32. Kg3 Qg1# 0-1

[Event "Ste-Foy 2 2023-24"]
[Site "Ste-Foy CAN"]
[Date "2023.11.13"]
[Round "4"]
[White "Renzo, Alain"]
[Black "Fillion, Jean-Yves"]
[Result "0-1"]
[ECO "A34"]
[WhiteElo "1316"]
[BlackElo "1328"]
[PlyCount "72"]
[EventDate "2023.10.23"]
[EventType "tourn"]
[EventRounds "5"]
[EventCountry "CAN"]
[TimeControl "5400+30"]

1. c4 c5 2. Nc3 Nf6 3. Nf3 Nc6 4. g3 e5 5. Bg2 Be7 6. e3 O-O 7. b3 d6 8. O-O
Bg4 9. Qc2 Qd7 10. a3 Rab8 11. Bb2 Bh3 12. Nd5 Bxg2 13. Kxg2 b5 14. d3 bxc4 15.
bxc4 Rfc8 16. Bc3 h6 17. Rab1 Qe6 18. Rxb8 Nxb8 19. Nxe7+ Qxe7 20. Rb1 Nc6 21.
Rb5 Nh7 22. Qb1 Rc7 23. Ba5 Nxa5 24. Rxa5 f5 25. Rb5 g5 26. h4 e4 27. Rb8+ Nf8
28. dxe4 fxe4 29. Nd2 gxh4 30. Nxe4 Qe5 31. f4 Qe6 32. gxh4 Rg7+ 33. Ng3 Qxe3
34. Rxf8+ Kxf8 35. Qf5+ Ke7 36. Qg6 Rxg6 0-1

[Event "Ste-Foy 2 2023-24"]
[Site "Ste-Foy CAN"]
[Date "2023.11.13"]
[Round "4"]
[White "Roy, Justin"]
[Black "Caire, Francois"]
[Result "0-1"]
[ECO "B02"]
[WhiteElo "1562"]
[BlackElo "2220"]
[PlyCount "68"]
[EventDate "2023.10.23"]
[EventType "tourn"]
[EventRounds "5"]
[EventCountry "CAN"]
[TimeControl "5400+30"]

1. e4 Nf6 2. Nc3 d5 3. exd5 Nxd5 4. Nge2 Bg4 5. f3 Bf5 6. d4 e6 7. Nxd5 Qxd5 8.
Nf4 Qd8 9. c3 Bd6 10. g3 O-O 11. Bd3 Bxd3 12. Qxd3 Nc6 13. Nh3 e5 14. Ng5 g6
15. d5 Be7 16. h4 Bxg5 17. Bxg5 f6 18. Bh6 Rf7 19. O-O-O Rd7 20. f4 exf4 21.
Qc4 Ne5 22. Qxf4 Qe7 23. Rhf1 Rad8 24. Qxf6 Qxf6 25. Rxf6 Ng4 26. Bg5 Nxf6 27.
Bxf6 Re8 28. c4 Re3 29. g4 Re4 30. Rd4 Rxd4 31. Bxd4 c6 32. Bxa7 cxd5 33. cxd5
Rxd5 34. g5 Ra5 0-1

[Event "Ste-Foy 2 2023-24"]
[Site "Ste-Foy CAN"]
[Date "2023.11.13"]
[Round "4"]
[White "Soubeyrand, Maxence"]
[Black "Soucy, Mathieu"]
[Result "1-0"]
[ECO "A48"]
[WhiteElo "1155"]
[BlackElo "1175"]
[PlyCount "57"]
[EventDate "2023.10.23"]
[EventType "tourn"]
[EventRounds "5"]
[EventCountry "CAN"]
[TimeControl "5400+30"]

1. d4 Nf6 2. Bf4 g6 3. e3 Bg7 4. Nf3 d6 5. Bd3 O-O 6. O-O Nbd7 7. e4 e5 8. dxe5
dxe5 9. Nxe5 Nxe5 10. Bxe5 Re8 11. Bxf6 Bxf6 12. Nc3 a5 13. Qf3 c6 14. Rad1 Qb6
15. Qxf6 Qxb2 16. Nd5 Qa3 17. Nc7 Bg4 18. f3 Re6 19. Nxe6 Bxe6 20. f4 Bxa2 21.
f5 a4 22. fxg6 hxg6 23. Rf3 Qc5+ 24. Kh1 a3 25. Rh3 Qh5 26. Rxh5 gxh5 27. Qg5+
Kf8 28. Qxh5 Be6 29. Qh8+ 1-0

[Event "Ste-Foy 2 2023-24"]
[Site "Ste-Foy CAN"]
[Date "2023.11.20"]
[Round "5"]
[White "Fillion, Jean-Yves"]
[Black "Bergeron, Nicolas"]
[Result "0-1"]
[ECO "A45"]
[WhiteElo "1328"]
[BlackElo "1446"]
[PlyCount "56"]
[EventDate "2023.10.23"]
[EventType "tourn"]
[EventRounds "5"]
[EventCountry "CAN"]
[TimeControl "90+30"]

1. d4 Nf6 2. Bf4 c5 3. Nf3 Qb6 4. dxc5 Qxb2 5. Nbd2 Nc6 6. e3 e6 7. Bd6 Bxd6 8.
cxd6 Nb4 9. Bd3 Nfd5 10. O-O Nc3 11. Nc4 Nxd1 12. Nxb2 Nxb2 13. Be4 f5 14. Bxf5
exf5 15. Rab1 Nxa2 16. Rxb2 Nc3 17. Nd4 O-O 18. Rb3 Ne4 19. Rb5 f4 20. Nf5 b6
21. Re5 Nc5 22. exf4 Ne6 23. Rfe1 Nxf4 24. R1e3 Ne6 25. Rg3 Kh8 26. Re4 Rxf5
27. Rc4 Ba6 28. Rcc3 Nd4 0-1

[Event "Vancity Sectional"]
[Site "Vancouver CAN"]
[Date "2023.02.02"]
[Round "2"]
[White "Zhu, Brandon"]
[Black "Reid, Euan"]
[Result "1/2-1/2"]
[ECO "B13"]
[WhiteElo "2047"]
[BlackElo "1891"]
[PlyCount "83"]
[EventDate "2023.01.26"]
[EventType "tourn"]
[EventRounds "5"]
[EventCountry "CAN"]
[TimeControl "60+10"]

1. e4 c6 2. d4 d5 3. exd5 cxd5 4. Bd3 Nc6 5. c3 Nf6 6. h3 e5 7. dxe5 Nxe5 8.
Nf3 Nxd3+ 9. Qxd3 Bd6 10. O-O O-O 11. Be3 Re8 12. Bd4 h6 13. Nbd2 Ne4 14. Rfe1
Bf5 15. Nf1 a6 16. Ne3 Bg6 17. Qf1 Bf4 18. Rad1 Qa5 19. b4 Qd8 20. g3 Bh5 21.
Qg2 Bxe3 22. Rxe3 Ng5 23. g4 Nxf3+ 24. Qxf3 Bg6 25. Rde1 Qd7 26. Qf4 Re4 27.
Rxe4 dxe4 28. Re3 Re8 29. Kg2 Qa4 30. Qc7 Qc6 31. Qxc6 bxc6 32. Kf1 f5 33. gxf5
Bxf5 34. Rg3 g6 35. Ke2 Kf7 36. h4 h5 37. Ke3 Ke6 38. Kf4 Kd5 39. Re3 Re6 40.
Rg3 Bg4 41. Ke3 Bf5 42. Kf4 1/2-1/2

[Event "Winnipeg TNT 2023.07"]
[Site "Winnipeg CAN"]
[Date "2023.07.04"]
[Round "1.8"]
[White "Punay, Rhailey"]
[Black "Bonness, Will"]
[Result "0-1"]
[ECO "B01"]
[WhiteElo "1362"]
[BlackElo "1848"]
[PlyCount "84"]
[EventDate "2023.07.04"]
[EventType "swiss"]
[EventRounds "4"]
[EventCountry "CAN"]
[TimeControl "60/120:0"]

1. e4 d5 2. exd5 Qxd5 3. Nc3 Qd8 4. d4 Nf6 5. Nf3 Bg4 6. h3 Bxf3 7. Qxf3 c6 8.
Be3 e6 9. Bc4 Nbd7 10. O-O Bd6 11. Ne2 O-O 12. c3 Qc7 13. Bf4 Nd5 14. Bxd6 Qxd6
15. a4 N7f6 16. b4 Rad8 17. Rfb1 e5 18. dxe5 Qxe5 19. Re1 Qc7 20. Reb1 Rfe8 21.
b5 c5 22. Bxd5 Rxd5 23. c4 Rde5 24. Ng3 Ne4 25. Qf4 Nxg3 26. Qxg3 Qe7 27. a5
Qe6 28. Qf3 Re4 29. Rc1 h6 30. Ra3 Re7 31. Qd3 Rd7 32. Qb3 Re1+ 33. Rxe1 Qxe1+
34. Kh2 Qxf2 35. Ra2 Qf4+ 36. Kg1 Re7 37. Qd1 Re4 38. Rf2 Qe3 39. Kf1 Rxc4 40.
Re2 Rf4+ 41. Ke1 Qg1+ 42. Kd2 Rd4+ 0-1